 Dungeon Crawl Stone Soup version 0.29-a0-330-g52719c12eb (webtiles) character file.

Game seed: 10577326184181147537

49 vineage the Skirmisher (level 3, -7/24 HPs)
             Began as a Gargoyle Fighter on May 6, 2022.
             Mangled by Crazy Yiuf
             ... wielding a +4 quarterstaff of chaos
              (11 damage)
             ... on level 2 of the Dungeon.
             The game lasted 00:00:57 (1296 turns).

vineage the Skirmisher (Gargoyle Fighter)           Turns: 1296, Time: 00:00:57

Health: -7/24      AC: 10    Str: 21    XL:     3   Next: 77%
Magic:  3/3        EV:  9    Int:  8    God:
Gold:   96         SH:  4    Dex:  9    Spells: 2/2 levels left

rFire   . . .      SeeInvis .   a - +0 flail
rCold   . . .      Faith    .   c - +0 buckler
rNeg    + . .      Spirit   .   b - +0 scale mail
rPois   ∞          Reflect  .   (no helmet)
rElec   +          Harm     .   (no cloak)
rCorr   .          Rampage  .   (no gloves)
Will    .....                   (no boots)
Stlth   ..........              (no amulet)
HPRegen 0.08/turn               f - +4 ring of slaying
MPRegen 0.08/turn               (no ring)

@: hasted, very quick
A: sickness immunity, AC +3, negative energy resistance 1, electricity
resistance, torment resistance 1, petrification resistance
a: no special abilities


You were on level 2 of the Dungeon.
You visited 1 branch of the dungeon, and saw 2 of its levels.

You collected 96 gold pieces.

Inventory:

Hand Weapons
 a - a +0 flail (weapon)
Missiles
 h - 2 throwing nets (quivered)
Armour
 b - a +0 scale mail (worn)
 c - a +0 buckler (worn)
Jewellery
 f - a +4 ring of slaying (left hand)
Scrolls
 e - a scroll of enchant armour {unknown}
 i - a scroll of amnesia {unknown}
 k - 3 scrolls of teleportation {unknown}
 l - a scroll of identify {unknown}
Potions
 d - 2 potions of curing {unknown}
 g - a potion of attraction {unknown}
 j - a potion of haste {unknown}
 m - a potion of lignification {unknown}
 n - a potion of flight {unknown}


   Skills:
 * Level 4.0 Fighting
 + Level 2.5 Maces & Flails
 + Level 3.6 Armour
 + Level 3.6 Shields


You had 2 spell levels left.
You didn't know any spells.
Your spell library contained the following spells:

 Spells                   Type           Power      Damage    Failure   Level
 Blink                    Tloc           0%         N/A       93%         2
 Manifold Assault         Tloc           0%         N/A       100%        5
 Storm Form               Tmut/Air       0%         N/A       100%        7


Dungeon Overview and Level Annotations

Branches:
Dungeon (2/15)

Altars:

Annotations:
D:2 Crazy Yiuf


Innate Abilities, Weirdness & Mutations

You are immune to sickness and miasma.
Your stone body is resilient. (AC +3)
You are immune to poison.
You resist negative energy. (rN+)
You are resistant to electric shocks. (rElec)
You are resistant to unholy torment.
You are immune to petrification.


Message History

No target in view!
No target in view!
No target in view!
No target in view!
No target in view!
No target in view!
You now have 96 gold pieces (gained 10).
n - a blue potion You see here an adder skeleton.
There is a stone staircase leading down here.
Crazy Yiuf shouts!
Could not explore, unopened runed door.
Could not explore, unopened runed door.
No reachable target in view!
You open the door. You hit Crazy Yiuf.
Crazy Yiuf is moderately wounded.
Crazy Yiuf hits you with a +4 quarterstaff of chaos.
You blink.
Crazy Yiuf hits you with a +4 quarterstaff of chaos.
Crazy Yiuf freezes you.
You closely miss Crazy Yiuf.
Crazy Yiuf is moderately wounded.
Crazy Yiuf glowers.
Crazy Yiuf hits you with a +4 quarterstaff of chaos.
You feel yourself speed up.
You barely miss Crazy Yiuf.
Crazy Yiuf is moderately wounded.
Crazy Yiuf barely misses you.
You barely miss Crazy Yiuf.
Crazy Yiuf is moderately wounded.
Crazy Yiuf hits you with a +4 quarterstaff of chaos.
* * * LOW HITPOINT WARNING * * *
Crazy Yiuf burns you.
* * * LOW HITPOINT WARNING * * *
You closely miss Crazy Yiuf.
Crazy Yiuf is moderately wounded.
Crazy Yiuf grits, "Adder cloud King!"
Crazy Yiuf hits you with a +4 quarterstaff of chaos!
You die...

###### #....# #...##
##...# #### .....#
#..####### .....##♣♣
##### ###.........
........♣♣ ♣♣#g@)#
##....######<
##.......♣♣♣♣.'...#
#....## #.
..........♣..♣#...#
##.#.# #.
.#.......♣.♣♣♣#####
#.#.# #.
.######♣♣♣♣♣ ##.#.#
#. .# #..#.# #. .###
########....# #.
...#
#######.......##..#
#. ##.#
##....##.......##..#
#.


You could see Crazy Yiuf.

Vanquished Creatures
  A gnoll (D:1)
  An adder (D:2)
  3 dart slugs
  4 bats
  An endoplasm (D:1)
  A goblin (D:1)
  3 hobgoblins (D:2)
  3 jackals (D:1)
  A kobold (D:1)
  3 quokkas
  A frilled lizard (D:2)
  A rat (D:1)
23 creatures vanquished.

Vanquished Creatures (others)
  3 fungi (D:2)
  2 plants (D:2)
5 creatures vanquished.

Grand Total: 28 creatures vanquished

Notes
Turn   | Place    | Note
-------+----------+-------------------------------------------
     0 | D:1      | vineage the Gargoyle Fighter began the quest for the Orb.
     0 | D:1      | Reached XP level 1. HP: 14/14 MP: 1/1
    27 | D:1      | Reached XP level 2. HP: 19/19 MP: 2/2
   425 | D:1      | Reached XP level 3. HP: 23/24 MP: 3/3
   756 | D:2      | Found a runed translucent door.
   757 | D:2      | Noticed Crazy Yiuf
   815 | D:2      | Found a faded altar of an unknown god.
   870 | D:2      | Reached skill level 4 in Fighting
  1296 | D:2      | Mangled by Crazy Yiuf

Illustrated notes

Levels and vault maps discovered:
D:1:      psy_arrival_whirlpool, layout_rooms, minivault_24,
          nicolae_grassy_gnolls
D:2:      layout_rooms, shapermc_ecumenical_altar_mp_urbaneastern,
          minmay_misc_feat_diagonals, minmay_pentomino_o4,
          uniq_crazy_yiuf_cottage

Skill      XL: |  1  2  3 |
---------------+----------+-----
Fighting       | 4 |  4.0
Maces & Flails | |  2.5
Armour         | |  3.6
Shields        | |  3.6

Action                   || total
-------------------------++-------
Melee: Flail             ||    71
  Use: Potion            ||     1
Armor: Scale mail        ||    40
Dodge: Dodged            ||    39
Block: Buckler           ||    12

Table legend: (Time is in decaauts)
 A = Elapsed time spent in this place.
 B = Non-inter-level travel time spent in this place.
 C = Inter-level travel time spent in this place.
 D = Time resting spent in this place.
 E = Time spent auto-exploring this place.
 F = Levels seen in this place.
 G = Mean time per level.
                   A        B        C        D        E       F      G
               +--------+--------+--------+--------+--------+-----+--------+
         Total |   1318 |   1312 |      6 |      0 |   1115 |   2 |  659.0 |
       Dungeon |   1318 |   1312 |      6 |      0 |   1115 |   2 |  659.0 |
               +--------+--------+--------+--------+--------+-----+--------+

Top non-repeatable levels by time:
     D:1: 666 daAuts
     D:2: 651 daAuts
